cohdb
Replays
Latest Replays
All Replays
Popular Replays
Top Player Replays
Match Explorer
How It Works
Community
CoH3 Stats
Reddit
Sign in to upload your games and track your stats! →
Sign in with Steam
Match 42953771
Unlisted
Match 42953771
Overview
Messages
Build Orders
End
Construct Section Command Post
Infantry Section
Dingo Light Scout Car
Infantry Section
ML 3-inch Mortar Team
Construct Platoon Command Post
Royal Engineer Section
CMP 15cwt Truck
Infantry Section
Selects Australian Defense Battlegroup
Selects Australian Light Infantry Section
Selects 2-pounder Anti-tank Gun Team
2-pounder Anti-tank Gun Team
Construct Company Command Post
Selects CMP 15cwt Supply Run
Selects Reinforced Resource Caches
Unlock M3 Grant Medium Tanks
Infantry Section
Australian Light Infantry Section
M3 Grant Medium Tank
Royal Engineer Section
Infantry Training
M3 Grant Medium Tank
Armored Vehicle Training
Selects Charged Creeping Barrage
Foot Guards Section
M3 Grant Medium Tank
Charged Creeping Barrage
Jonesy
Some_Devil
Commander Z
Atrol
Starman
Getmeout
MZMZ
jerjawe
0
0
Comments
sign in to comment!
No comments posted yet!